VEGAS vs COLUMBUS

Created - April-02-21 at 11:09

Goals
1 2 3 T
VEGAS 1 1 0 2
COLUMBUS 1 0 2 3
Shots
1 2 3 T
VEGAS 9 12 7 28
COLUMBUS 7 9 8 24

1st period

1. VEGAS , Josh Anderson 10 (Kyle Turris 18, Nick Holden 21) at 0:23
2. COLUMBUS , Kaapo Kakko 4 (Luke Kunin 11) at 9:07

Penalties :
T.J. Oshie (CBJ) for Interference (Minor) at 5:20, Nick Holden (VGK) for Hooking (Minor) at 9:21, Ben Chiarot (CBJ) for Tripping (Minor) at 14:05

2nd period

3. VEGAS , Brent Seabrook 5 (Oliver Bjorkstrand 25, Nikita Zadorov 19) at 5:57 (PP)

Penalties :
Sean Kuraly (CBJ) for Slashing (Minor) at 5:47, Josh Anderson (VGK) for Roughing (Minor) at 7:11, Jonathan Drouin (CBJ) for Hooking (Minor) at 8:00, Ben Chiarot (CBJ) for Tripping (Minor) at 9:51, Anthony Beauvillier (CBJ) for Hooking (Minor) at 15:28

3rd period

4. COLUMBUS , Mattias Ekholm 4 (Aleksander Barkov 29, John Carlson 22) at 11:15
5. COLUMBUS , Mattias Ekholm 5 (Lars Eller 17, John Carlson 23) at 14:37 (PP)

Penalties :
Brock Nelson (VGK) for High sticking (Minor) at 0:33, Matt Luff (VGK) for Hooking (Minor) at 6:05, Brock Nelson (VGK) for Tripping (Minor) at 14:18, Nikita Zadorov (VGK) for Holding (Minor) at 18:07

Goalie Stats

Braden Holtby (VGK), 21 saves from 24 shots - (0.875), L, 22-20-4, 60:00 minutes
David Rittich (CBJ), 26 saves from 28 shots - (0.929), W, 14-3-0, 60:00 minutes

Players Stats for VEGAS

Player Name              G  A  P  +/- PIM S  H  SB GA TA FO     MP     PP MP  PK MP  
------------------------------------------------------------------------------------
Alexander Kerfoot        0  0  0  -1  0   0  0  0  0  0  3/12    9:52   0:00   0:00 
Brent Seabrook           1  0  1  -1  0   2  2  1  0  0  0/0    22:50   4:14   4:30 
Brock Nelson             0  0  0   0  4   4  2  0  0  0  16/32  21:35   4:30   4:21 
Cody Glass               0  0  0  -1  0   1  0  0  0  0  3/8     7:02   0:00   0:00 
Daniel Sprong            0  0  0   1  0   2  1  0  0  0  0/0    16:30   4:17   0:00 
Devon Toews              0  0  0   0  0   0  1  1  0  0  0/0    21:35   3:57   3:10 
Jayce Hawryluk           0  0  0  -1  0   1  1  1  0  0  0/0    12:07   0:00   2:15 
Josh Anderson            1  0  1   1  2   6  3  0  0  0  0/2    16:29   4:17   0:00 
Kyle Turris              0  1  1   1  0   1  0  0  0  0  17/25  18:52   4:02   2:14 
Matt Luff                0  0  0  -1  2   0  2  0  0  0  0/1     7:01   0:00   0:00 
Max Comtois              0  0  0  -1  0   3  1  1  0  0  0/2    11:08   0:00   1:16 
Mikhail Grigorenko       0  0  0  -1  0   0  0  0  0  0  0/0     7:02   0:00   0:00 
Nick Holden              0  1  1   0  2   1  4  2  0  0  0/0    20:24   3:57   2:00 
Nikita Zadorov           0  1  1  -1  2   1  3  1  0  0  0/0    22:05   4:14   3:46 
Oliver Bjorkstrand       0  1  1   0  0   2  1  0  0  0  1/3    20:04   4:30   3:12 
Sam Reinhart             0  0  0   0  0   2  1  1  0  0  2/2    23:01   4:30   5:45 
Slater Koekkoek          0  0  0   0  0   1  1  1  0  0  0/0    16:07   0:36   1:49 
Stephen Johns            0  0  0   0  0   1  2  0  0  0  0/0    15:48   0:36   1:30 
Victor Rask              0  0  0   0  0   0  0  0  0  0  0/0     0:15   0:15   0:00 

Players Stats for COLUMBUS

Player Name              G  A  P  +/- PIM S  H  SB GA TA FO     MP     PP MP  PK MP  
------------------------------------------------------------------------------------
Aleksander Barkov        0  1  1   1  0   0  1  0  0  0  19/38  22:36   4:08   5:08 
Anthony Beauvillier      0  0  0   1  2   2  0  0  0  0  0/0    16:26   4:08   0:00 
Ben Chiarot              0  0  0   0  4   2  2  0  0  0  0/0    19:51   4:31   2:44 
Cam Atkinson             0  0  0   0  0   0  0  0  0  0  2/2    11:00   0:00   0:00 
Carl Gunnarsson          0  0  0   0  0   0  0  0  0  0  0/0     3:21   0:00   0:04 
Derek Grant              0  0  0   0  0   0  1  0  0  0  9/14   13:38   0:00   2:47 
Erik Cernak              0  0  0   0  0   1  0  0  0  0  0/0    11:32   0:22   0:00 
Jack Roslovic            0  0  0   1  0   1  0  0  0  0  0/1     7:34   0:00   1:41 
Jacob Trouba             0  0  0   0  0   3  2  1  0  0  0/0    21:38   4:31   4:30 
John Carlson             0  2  2   1  0   2  0  1  0  0  0/0    26:49   4:04   4:16 
Jonathan Drouin          0  0  0  -1  2   1  1  0  0  0  0/0    16:51   4:48   0:00 
Kaapo Kakko              1  0  1   1  0   1  0  0  0  0  0/0     5:53   0:00   0:00 
Lars Eller               0  1  1  -1  0   2  1  0  0  0  12/24  19:39   4:49   2:47 
Luke Kunin               0  1  1   1  0   1  1  1  0  0  3/8     5:53   0:00   0:00 
Mattias Ekholm           2  0  2   1  0   3  1  0  0  0  0/0    23:47   4:26   4:09 
Ryan Murray              0  0  0   0  0   0  0  2  0  0  0/0    13:00   0:00   1:50 
Sean Kuraly              0  0  0   0  2   0  2  0  0  0  0/0    11:04   0:00   0:14 
Steven Stamkos           0  0  0   1  0   4  0  2  0  0  0/0    21:25   4:08   4:49 
T.J. Oshie               0  0  0  -1  2   1  2  0  0  0  0/0    17:52   4:49   0:00 

3 Stars

1 - Mattias Ekholm (CBJ)
2 - John Carlson (CBJ)
3 - Kaapo Kakko (CBJ)

Power Play

VEGAS - 1 on 6 Attempt(s) - 16.67%
COLUMBUS - 1 on 6 Attempt(s) - 16.67%

Penalty Kill

VEGAS - 5 on 6 Attempt(s) - 83.33% - Score 0 goal in Penalty Kill
COLUMBUS - 5 on 6 Attempt(s) - 83.33% - Score 0 goal in Penalty Kill

Team Stat

VEGAS - Hits : 25 - Faceoff Wins : 42 - Blocked Shots : 9 - Penalty Minutes : 12
COLUMBUS - Hits : 14 - Faceoff Wins : 45 - Blocked Shots : 7 - Penalty Minutes : 12

Official

Referees : Troy Paterson and Ghislain Hebert
Linesman : Knarf Emot and Jonathan Junk Googoo

Game Notes

No Game Note

Finance

Level 1 -- Attendance: 6000 (100.00%) -- Ticket Income $540,000
Level 2 -- Attendance: 5000 (100.00%) -- Ticket Income $250,000
Level 3 -- Attendance: 1846 (92.30%) -- Ticket Income $55,380
Level 4 -- Attendance: 3996 (99.90%) -- Ticket Income $59,940
Luxury Box -- Attendance: 860 (86.00%) -- Ticket Income $154,800
Game was played at the Nationwide Arena.
Total Attendance: 17702 (98.34%)
Total Ticket Income: $1,060,120
Total Income: $1,060,120

VEGAS

5 vs 5 Forward 
   Center                   Left Wing                Right Wing               Time % Phy DF OF 
 1 Brock Nelson             Oliver Bjorkstrand       Sam Reinhart             35     1   2  2  
 2 Kyle Turris              Josh Anderson            Daniel Sprong            30     1   2  2  
 3 Alexander Kerfoot        Max Comtois              Jayce Hawryluk           25     1   2  2  
 4 Cody Glass               Mikhail Grigorenko       Matt Luff                10     1   2  2  

5 vs 5 Defense 
   Defense                  Defense                                           Time % Phy DF OF 
 1 Brent Seabrook           Nikita Zadorov                                    35     1   2  2  
 2 Nick Holden              Devon Toews                                       30     1   2  2  
 3 Stephen Johns            Slater Koekkoek                                   25     1   2  2  
 4 Brent Seabrook           Nikita Zadorov                                    10     1   2  2  

PowerPlay Forward 
   Center                   Left Wing                Right Wing               Time % Phy DF OF 
 1 Brock Nelson             Oliver Bjorkstrand       Sam Reinhart             60     1   2  2  
 2 Kyle Turris              Josh Anderson            Daniel Sprong            40     1   2  2  

PowerPlay Defense
   Defense                  Defense                                           Time % Phy DF OF 
 1 Brent Seabrook           Nikita Zadorov                                    60     1   2  2  
 2 Nick Holden              Devon Toews                                       40     1   2  2  

Penalty Kill 4 Players Forward 
   Center                   Wing                     Time % Phy DF OF 
 1 Brock Nelson             Sam Reinhart             60     1   2  2  
 2 Oliver Bjorkstrand       Kyle Turris              40     1   2  2  

Penalty Kill 4 Players Defense
   Defense                  Defense                  Time % Phy DF OF 
 1 Brent Seabrook           Nikita Zadorov           60     1   2  2  
 2 Nick Holden              Devon Toews              40     1   2  2  

Penalty Kill - 3 Players Forward 
   Forward                                           Time % Phy DF OF 
 1 Brock Nelson                                      60     1   2  2  
 2 Sam Reinhart                                      40     1   2  2  

Penalty Kill - 3 Players Defense
   Defense                  Defense                  Time % Phy DF OF 
 1 Brent Seabrook           Nikita Zadorov           60     1   2  2  
 2 Nick Holden              Devon Toews              40     1   2  2  

4 vs 4 Forward 
   Center                   Wing                     Time % Phy DF OF 
 1 Brock Nelson             Sam Reinhart             60     1   2  2  
 2 Oliver Bjorkstrand       Kyle Turris              40     1   2  2  

4 vs 4 Defense
   Defense                  Defense                  Time % Phy DF OF 
 1 Brent Seabrook           Nikita Zadorov           60     1   2  2  
 2 Nick Holden              Devon Toews              40     1   2  2  

Last Minutes Offensive
   Center                   Left Wing                Right Wing               Defense                  Defense                  
   Brock Nelson             Oliver Bjorkstrand       Sam Reinhart             Brent Seabrook           Nikita Zadorov           

Last Minutes Defensive
   Center                   Left Wing                Right Wing               Defense                  Defense                  
   Brock Nelson             Oliver Bjorkstrand       Sam Reinhart             Brent Seabrook           Nikita Zadorov           

Goaltenders
Starting : Braden Holtby            
Backup : Tristan Jarry            

Extra Forwards
Normal : Victor Rask, Alexander Kerfoot, Max Comtois - PP : Victor Rask, Alexander Kerfoot - PK : Max Comtois
Extra Defensemen
Normal : Stephen Johns, Slater Koekkoek, Nick Holden - PP : Stephen Johns - PK : Slater Koekkoek, Nick Holden
Penalty Shots
Brock Nelson, Sam Reinhart, Oliver Bjorkstrand, Kyle Turris, Josh Anderson

Scratches
Jack Johnson (Healthy), VGK Cap Hit (Suspend), Michael Grabner (Right Knee Injury)

COLUMBUS

5 vs 5 Forward 
   Center                   Left Wing                Right Wing               Time % Phy DF OF 
 1 Aleksander Barkov        Anthony Beauvillier      Steven Stamkos           35     1   2  2  
 2 Lars Eller               Jonathan Drouin          T.J. Oshie               30     1   2  2  
 3 Derek Grant              Sean Kuraly              Cam Atkinson             25     1   2  2  
 4 Luke Kunin               Jack Roslovic            Kaapo Kakko              10     1   2  2  

5 vs 5 Defense 
   Defense                  Defense                                           Time % Phy DF OF 
 1 John Carlson             Mattias Ekholm                                    35     1   2  2  
 2 Jacob Trouba             Ben Chiarot                                       30     1   2  2  
 3 Erik Cernak              Ryan Murray                                       25     1   2  2  
 4 Carl Gunnarsson          John Carlson                                      10     1   2  2  

PowerPlay Forward 
   Center                   Left Wing                Right Wing               Time % Phy DF OF 
 1 Aleksander Barkov        Anthony Beauvillier      Steven Stamkos           60     1   2  2  
 2 Lars Eller               Jonathan Drouin          T.J. Oshie               40     1   2  2  

PowerPlay Defense
   Defense                  Defense                                           Time % Phy DF OF 
 1 John Carlson             Mattias Ekholm                                    60     1   2  2  
 2 Jacob Trouba             Ben Chiarot                                       40     1   2  2  

Penalty Kill 4 Players Forward 
   Center                   Wing                     Time % Phy DF OF 
 1 Aleksander Barkov        Steven Stamkos           60     1   2  2  
 2 Derek Grant              Lars Eller               40     1   2  2  

Penalty Kill 4 Players Defense
   Defense                  Defense                  Time % Phy DF OF 
 1 John Carlson             Mattias Ekholm           60     1   2  2  
 2 Jacob Trouba             Ben Chiarot              40     1   2  2  

Penalty Kill - 3 Players Forward 
   Forward                                           Time % Phy DF OF 
 1 Aleksander Barkov                                 60     1   2  2  
 2 Lars Eller                                        40     1   2  2  

Penalty Kill - 3 Players Defense
   Defense                  Defense                  Time % Phy DF OF 
 1 John Carlson             Mattias Ekholm           60     1   2  2  
 2 Jacob Trouba             Ben Chiarot              40     1   2  2  

4 vs 4 Forward 
   Center                   Wing                     Time % Phy DF OF 
 1 Aleksander Barkov        T.J. Oshie               60     1   2  2  
 2 Steven Stamkos           Cam Atkinson             40     1   2  2  

4 vs 4 Defense
   Defense                  Defense                  Time % Phy DF OF 
 1 John Carlson             Mattias Ekholm           60     1   2  2  
 2 Jacob Trouba             Ben Chiarot              40     1   2  2  

Last Minutes Offensive
   Center                   Left Wing                Right Wing               Defense                  Defense                  
   Aleksander Barkov        Anthony Beauvillier      Steven Stamkos           John Carlson             Mattias Ekholm           

Last Minutes Defensive
   Center                   Left Wing                Right Wing               Defense                  Defense                  
   Aleksander Barkov        Anthony Beauvillier      Steven Stamkos           John Carlson             Mattias Ekholm           

Goaltenders
Starting : David Rittich            
Backup : Mikko Koskinen           

Extra Forwards
Normal : Derek Grant, Sean Kuraly, Jack Roslovic - PP : Derek Grant, Sean Kuraly - PK : Jack Roslovic
Extra Defensemen
Normal : Erik Cernak, Ryan Murray, Carl Gunnarsson - PP : Erik Cernak - PK : Ryan Murray, Carl Gunnarsson
Penalty Shots
Aleksander Barkov, Steven Stamkos, T.J. Oshie, Cam Atkinson, Anthony Beauvillier

Scratches
Emil Bemstrom (Healthy), CBJ Cap Hit (Suspend)

% Time on Ice - VEGAS

Lines # - Real PCT - Wanted PCT - Time Play
Normal Forward
1 - 29% - 35% - 11:59
2 - 30% - 30% - 12:13
3 - 24% - 25% - 9:52
4 - 17% - 10% - 7:02
Normal Defense
1 - 33% - 35% - 13:30
2 - 33% - 30% - 13:41
3 - 33% - 25% - 13:42
4 - 1% - 10% - 0:13
PP Forward
1 - 51% - 60% - 4:30
2 - 49% - 40% - 4:17
PP Defense
1 - 48% - 60% - 4:14
2 - 52% - 40% - 4:33
PK Forward
1 - 76% - 60% - 6:50
2 - 24% - 40% - 2:07
PK Defense
1 - 55% - 60% - 4:58
2 - 45% - 40% - 3:59
PK3 Forward
1 - 0% - 60%
2 - 0% - 40%
PK3 Defense
1 - 0% - 60%
2 - 0% - 40%
44 Forward
1 - 67% - 60% - 0:47
2 - 33% - 40% - 0:23
44 Defense
1 - 33% - 60% - 0:23
2 - 67% - 40% - 0:47
Last Minute Offensive  - 0:00
Last Minute Defensive  - 0:00
Total
Forward - 60:00
Defense - 60:00

% Time on Ice - COLUMBUS

Lines # - Real PCT - Wanted PCT - Time Play
Normal Forward
1 - 30% - 35% - 12:19
2 - 29% - 30% - 12:03
3 - 26% - 25% - 10:51
4 - 14% - 10% - 5:53
Normal Defense
1 - 35% - 35% - 14:11
2 - 30% - 30% - 12:28
3 - 27% - 25% - 11:10
4 - 8% - 10% - 3:17
PP Forward
1 - 46% - 60% - 4:08
2 - 54% - 40% - 4:49
PP Defense
1 - 50% - 60% - 4:26
2 - 50% - 40% - 4:31
PK Forward
1 - 68% - 60% - 5:52
2 - 32% - 40% - 2:47
PK Defense
1 - 48% - 60% - 4:09
2 - 52% - 40% - 4:30
PK3 Forward
1 - 100% - 60% - 0:08
2 - 0% - 40% - 0:00
PK3 Defense
1 - 100% - 60% - 0:08
2 - 0% - 40% - 0:00
44 Forward
1 - 87% - 60% - 1:01
2 - 13% - 40% - 0:09
44 Defense
1 - 87% - 60% - 1:01
2 - 13% - 40% - 0:09
Last Minute Offensive  - 0:00
Last Minute Defensive  - 0:00
Total
Forward - 60:00
Defense - 60:00

Play-by-Play

1st period


0:01 of 1st period - Brock Nelson wins face-off versus Aleksander Barkov in neutral zone.
0:04 of 1st period - Shot by Sam Reinhart.
0:04 of 1st period - Stopped by David Rittich without a rebound.
0:05 of 1st period - Lars Eller wins face-off versus Kyle Turris in COLUMBUS zone.
0:16 of 1st period - Josh Anderson is hit by T.J. Oshie and loses puck.
0:23 of 1st period - Shot by Kyle Turris.
0:23 of 1st period - Deflect By Josh Anderson.
0:23 of 1st period - Goal by Josh Anderson - VEGAS : 1 - COLUMBUS : 0.
0:24 of 1st period - Derek Grant wins face-off versus Alexander Kerfoot in neutral zone.
0:27 of 1st period - Shot by Erik Cernak.
0:27 of 1st period - Deflect By Derek Grant.
0:27 of 1st period - Shot Blocked by Max Comtois.
0:29 of 1st period - Shot by Derek Grant.
0:29 of 1st period - Shot Misses the Net.
0:53 of 1st period - Shot by Sean Kuraly.
0:53 of 1st period - Deflect By Derek Grant.
0:53 of 1st period - Shot Misses the Net.
1:16 of 1st period - Icing by Stephen Johns.
1:17 of 1st period - Aleksander Barkov wins face-off versus Alexander Kerfoot in VEGAS zone.
1:28 of 1st period - Shot by Steven Stamkos.
1:28 of 1st period - Deflect By Aleksander Barkov.
1:28 of 1st period - Shot Blocked by Jayce Hawryluk.
1:30 of 1st period - Shot by Steven Stamkos.
1:30 of 1st period - Stopped by Braden Holtby with a rebound.
1:32 of 1st period - Shot by Aleksander Barkov.
1:32 of 1st period - Shot Misses the Net.
1:46 of 1st period - Shot by Anthony Beauvillier.
1:46 of 1st period - Stopped by Braden Holtby with a rebound.
1:48 of 1st period - Shot by Mattias Ekholm.
1:48 of 1st period - Shot Misses the Net.
1:50 of 1st period - Shot by Anthony Beauvillier.
1:50 of 1st period - Shot Misses the Net.
1:52 of 1st period - Shot by John Carlson.
1:52 of 1st period - Shot Misses the Net.
2:00 of 1st period - Shot by Mattias Ekholm.
2:00 of 1st period - Shot Blocked by Slater Koekkoek.
2:07 of 1st period - Icing by Slater Koekkoek.
2:08 of 1st period - Lars Eller wins face-off versus Alexander Kerfoot in VEGAS zone.
2:29 of 1st period - Nikita Zadorov is hit by T.J. Oshie and loses puck.
2:46 of 1st period - Shot by Brock Nelson.
2:46 of 1st period - Stopped by David Rittich without a rebound.
2:47 of 1st period - Kyle Turris wins face-off versus Luke Kunin in COLUMBUS zone.
3:44 of 1st period - Shot by Sam Reinhart.
3:44 of 1st period - Shot Misses the Net.
3:46 of 1st period - Shot by Brent Seabrook.
3:46 of 1st period - Shot Blocked by Ryan Murray.
3:52 of 1st period - Shot by Brock Nelson.
3:52 of 1st period - Stopped by David Rittich without a rebound.
3:53 of 1st period - Aleksander Barkov wins face-off versus Cody Glass in COLUMBUS zone.
3:53 of 1st period - Aleksander Barkov is hit by Matt Luff.
3:56 of 1st period - John Carlson is hit by Matt Luff and loses puck.
4:13 of 1st period - Shot by Cody Glass.
4:13 of 1st period - Shot Misses the Net.
4:57 of 1st period - Shot by Jonathan Drouin.
4:57 of 1st period - Shot Misses the Net.
5:20 of 1st period - Minor Penalty to T.J. Oshie for Interference.
5:21 of 1st period - Kyle Turris wins face-off versus Aleksander Barkov in COLUMBUS zone.
6:44 of 1st period - Shot by Stephen Johns.
6:44 of 1st period - Stopped by David Rittich with a rebound.
7:34 of 1st period - Shot by T.J. Oshie.
7:34 of 1st period - Stopped by Braden Holtby with a rebound.
9:07 of 1st period - Shot by Kaapo Kakko.
9:07 of 1st period - Goal by Kaapo Kakko - VEGAS : 1 - COLUMBUS : 1.
9:08 of 1st period - Brock Nelson wins face-off versus Aleksander Barkov in neutral zone.
9:15 of 1st period - Steven Stamkos is hit by Devon Toews and loses puck.
9:21 of 1st period - Minor Penalty to Nick Holden for Hooking.
9:22 of 1st period - Brock Nelson wins face-off versus Lars Eller in VEGAS zone.
9:59 of 1st period - Icing by T.J. Oshie.
10:00 of 1st period - Lars Eller wins face-off versus Brock Nelson in COLUMBUS zone.
10:36 of 1st period - Shot by Steven Stamkos.
10:36 of 1st period - Shot Misses the Net.
10:57 of 1st period - Off-side.
10:58 of 1st period - Brock Nelson wins face-off versus Lars Eller in neutral zone.
11:19 of 1st period - Shot by Lars Eller.
11:19 of 1st period - Stopped by Braden Holtby without a rebound.
11:20 of 1st period - Oliver Bjorkstrand wins face-off versus Aleksander Barkov in VEGAS zone.
11:35 of 1st period - Icing by Erik Cernak.
11:36 of 1st period - Alexander Kerfoot wins face-off versus Derek Grant in COLUMBUS zone.
11:37 of 1st period - Shot by Max Comtois.
11:37 of 1st period - Stopped by David Rittich without a rebound.
11:38 of 1st period - Kyle Turris wins face-off versus Aleksander Barkov in COLUMBUS zone.
11:46 of 1st period - Kyle Turris is hit by Mattias Ekholm and loses puck.
11:49 of 1st period - Shot by Kyle Turris.
11:49 of 1st period - Stopped by David Rittich with a rebound.
11:51 of 1st period - Shot by Daniel Sprong.
11:51 of 1st period - Shot Misses the Net.
11:53 of 1st period - Shot by Josh Anderson.
11:53 of 1st period - Shot Misses the Net.
11:55 of 1st period - Shot by Devon Toews.
11:55 of 1st period - Shot Blocked by Steven Stamkos.
12:03 of 1st period - Shot by Kyle Turris.
12:03 of 1st period - Shot Hit the Post.
13:13 of 1st period - Off-side.
13:14 of 1st period - Lars Eller wins face-off versus Cody Glass in neutral zone.
13:29 of 1st period - Shot by Lars Eller.
13:29 of 1st period - Stopped by Braden Holtby without a rebound.
13:30 of 1st period - Brock Nelson wins face-off versus Luke Kunin in VEGAS zone.
13:47 of 1st period - Shot by Oliver Bjorkstrand.
13:47 of 1st period - Shot Misses the Net.
13:52 of 1st period - Off-side.
13:53 of 1st period - Kyle Turris wins face-off versus Aleksander Barkov in neutral zone.
14:05 of 1st period - Minor Penalty to Ben Chiarot for Tripping.
14:06 of 1st period - Aleksander Barkov wins face-off versus Brock Nelson in COLUMBUS zone.
14:14 of 1st period - Icing by Brent Seabrook.
14:15 of 1st period - Aleksander Barkov wins face-off versus Brock Nelson in VEGAS zone.
14:26 of 1st period - Shot by Nikita Zadorov.
14:26 of 1st period - Deflect By Brock Nelson.
14:26 of 1st period - Shot Misses the Net.
14:45 of 1st period - Shot by Nikita Zadorov.
14:45 of 1st period - Shot Misses the Net.
14:47 of 1st period - Shot by Nikita Zadorov.
14:47 of 1st period - Stopped by David Rittich without a rebound.
14:48 of 1st period - Derek Grant wins face-off versus Kyle Turris in COLUMBUS zone.
15:03 of 1st period - Shot by Kyle Turris.
15:03 of 1st period - Shot Misses the Net.
15:11 of 1st period - Shot by Daniel Sprong.
15:11 of 1st period - Shot Misses the Net.
15:13 of 1st period - Shot by Nick Holden.
15:13 of 1st period - Shot Blocked by Jacob Trouba.
15:45 of 1st period - Shot by Oliver Bjorkstrand.
15:45 of 1st period - Shot Misses the Net.
15:47 of 1st period - Shot by Sam Reinhart.
15:47 of 1st period - Shot Misses the Net.
16:28 of 1st period - Jayce Hawryluk is hit by Luke Kunin and loses puck.
16:41 of 1st period - Shot by Alexander Kerfoot.
16:41 of 1st period - Shot Misses the Net.
16:56 of 1st period - Icing by Nick Holden.
16:57 of 1st period - Cam Atkinson wins face-off versus Cody Glass in VEGAS zone.
17:03 of 1st period - Icing by Devon Toews.
17:04 of 1st period - Aleksander Barkov wins face-off versus Cody Glass in VEGAS zone.
17:20 of 1st period - Icing by Nick Holden.
17:21 of 1st period - Cody Glass wins face-off versus Lars Eller in VEGAS zone.
17:44 of 1st period - Icing by Nick Holden.
17:45 of 1st period - Cody Glass wins face-off versus Aleksander Barkov in VEGAS zone.
17:45 of 1st period - Cody Glass is hit by Aleksander Barkov.
18:13 of 1st period - Shot by Steven Stamkos.
18:13 of 1st period - Stopped by Braden Holtby with a rebound.
18:22 of 1st period - Off-side.
18:23 of 1st period - Kyle Turris wins face-off versus Lars Eller in neutral zone.
18:33 of 1st period - Icing by T.J. Oshie.
18:34 of 1st period - Brock Nelson wins face-off versus Lars Eller in COLUMBUS zone.
18:45 of 1st period - Shot by Brock Nelson.
18:45 of 1st period - Stopped by David Rittich without a rebound.
18:46 of 1st period - Kyle Turris wins face-off versus Derek Grant in COLUMBUS zone.
19:48 of 1st period - Shot by Anthony Beauvillier.
19:48 of 1st period - Shot Misses the Net.
Goals for this period are 1 for VEGAS vs 1 for COLUMBUS.
Shots for this period are 9 for VEGAS vs 7 for COLUMBUS.

2nd period


0:01 of 2nd period - Sam Reinhart wins face-off versus Aleksander Barkov in neutral zone.
0:03 of 2nd period - Off-side.
0:04 of 2nd period - Lars Eller wins face-off versus Brock Nelson in neutral zone.
0:41 of 2nd period - Shot by Mattias Ekholm.
0:41 of 2nd period - Stopped by Braden Holtby without a rebound.
0:42 of 2nd period - Aleksander Barkov wins face-off versus Kyle Turris in VEGAS zone.
0:57 of 2nd period - Shot by Aleksander Barkov.
0:57 of 2nd period - Deflect By Steven Stamkos.
0:57 of 2nd period - Stopped by Braden Holtby without a rebound.
0:58 of 2nd period - Derek Grant wins face-off versus Alexander Kerfoot in VEGAS zone.
1:09 of 2nd period - Shot by Erik Cernak.
1:09 of 2nd period - Stopped by Braden Holtby without a rebound.
1:10 of 2nd period - Aleksander Barkov wins face-off versus Brock Nelson in VEGAS zone.
1:13 of 2nd period - Shot by Steven Stamkos.
1:13 of 2nd period - Shot Misses the Net.
1:34 of 2nd period - Shot by Aleksander Barkov.
1:34 of 2nd period - Shot Misses the Net.
2:16 of 2nd period - Lars Eller is hit by Josh Anderson.
2:24 of 2nd period - Shot by Jonathan Drouin.
2:24 of 2nd period - Shot Blocked by Devon Toews.
2:33 of 2nd period - Jonathan Drouin is hit by Nick Holden and loses puck.
2:50 of 2nd period - Shot by Lars Eller.
2:50 of 2nd period - Shot Misses the Net.
3:31 of 2nd period - Icing by Erik Cernak.
3:32 of 2nd period - Derek Grant wins face-off versus Brock Nelson in COLUMBUS zone.
3:32 of 2nd period - Derek Grant is hit by Brock Nelson.
3:58 of 2nd period - Icing by Brent Seabrook.
3:59 of 2nd period - Brock Nelson wins face-off versus Aleksander Barkov in VEGAS zone.
4:54 of 2nd period - Off-side.
4:55 of 2nd period - Kyle Turris wins face-off versus Lars Eller in neutral zone.
5:46 of 2nd period - Daniel Sprong is hit by Sean Kuraly and loses puck.
5:47 of 2nd period - Minor Penalty to Sean Kuraly for Slashing.
5:48 of 2nd period - Brock Nelson wins face-off versus Aleksander Barkov in COLUMBUS zone.
5:53 of 2nd period - Shot by Oliver Bjorkstrand.
5:53 of 2nd period - Shot Misses the Net.
5:55 of 2nd period - Shot by Brent Seabrook.
5:55 of 2nd period - Stopped by David Rittich with a rebound.
5:57 of 2nd period - Shot by Brent Seabrook.
5:57 of 2nd period - Goal by Brent Seabrook - VEGAS : 2 - COLUMBUS : 1.
5:58 of 2nd period - Derek Grant wins face-off versus Alexander Kerfoot in neutral zone.
6:17 of 2nd period - Shot by Max Comtois.
6:17 of 2nd period - Shot Misses the Net.
6:19 of 2nd period - Shot by Jayce Hawryluk.
6:19 of 2nd period - Shot Blocked by John Carlson.
6:21 of 2nd period - Shot by Stephen Johns.
6:21 of 2nd period - Shot Misses the Net.
6:23 of 2nd period - Shot by Slater Koekkoek.
6:23 of 2nd period - Stopped by David Rittich without a rebound.
6:24 of 2nd period - Aleksander Barkov wins face-off versus Brock Nelson in COLUMBUS zone.
6:33 of 2nd period - Shot by Jacob Trouba.
6:33 of 2nd period - Shot Misses the Net.
6:35 of 2nd period - Shot by Jacob Trouba.
6:35 of 2nd period - Shot Misses the Net.
6:41 of 2nd period - Shot by Steven Stamkos.
6:41 of 2nd period - Stopped by Braden Holtby without a rebound.
6:42 of 2nd period - Kyle Turris wins face-off versus Lars Eller in VEGAS zone.
6:42 of 2nd period - Kyle Turris is hit by Jonathan Drouin.
7:11 of 2nd period - Minor Penalty to Josh Anderson for Roughing.
7:12 of 2nd period - Brock Nelson wins face-off versus Aleksander Barkov in VEGAS zone.
7:19 of 2nd period - Shot by Jacob Trouba.
7:19 of 2nd period - Stopped by Braden Holtby without a rebound.
7:20 of 2nd period - Aleksander Barkov wins face-off versus Brock Nelson in VEGAS zone.
7:45 of 2nd period - Shot by Steven Stamkos.
7:45 of 2nd period - Shot Misses the Net.
7:47 of 2nd period - Shot by Ben Chiarot.
7:47 of 2nd period - Stopped by Braden Holtby with a rebound.
7:49 of 2nd period - Shot by Jacob Trouba.
7:49 of 2nd period - Stopped by Braden Holtby with a rebound.
7:51 of 2nd period - Shot by Anthony Beauvillier.
7:51 of 2nd period - Shot Blocked by Brent Seabrook.
7:53 of 2nd period - Shot by Ben Chiarot.
7:53 of 2nd period - Stopped by Braden Holtby with a rebound.
7:55 of 2nd period - Shot by Jacob Trouba.
7:55 of 2nd period - Stopped by Braden Holtby without a rebound.
7:56 of 2nd period - Lars Eller wins face-off versus Brock Nelson in VEGAS zone.
8:00 of 2nd period - Minor Penalty to Jonathan Drouin for Hooking.
8:01 of 2nd period - Aleksander Barkov wins face-off versus Brock Nelson in COLUMBUS zone.
8:21 of 2nd period - John Carlson is hit by Brock Nelson and loses puck.
8:27 of 2nd period - Aleksander Barkov is hit by Nick Holden and loses puck.
9:10 of 2nd period - Icing by Oliver Bjorkstrand.
9:11 of 2nd period - Kyle Turris wins face-off versus Jack Roslovic in VEGAS zone.
9:30 of 2nd period - Shot by Josh Anderson.
9:30 of 2nd period - Stopped by David Rittich without a rebound.
9:31 of 2nd period - Aleksander Barkov wins face-off versus Josh Anderson in COLUMBUS zone.
9:51 of 2nd period - Shot by Josh Anderson.
9:51 of 2nd period - Stopped by David Rittich without a rebound.
9:51 of 2nd period - Minor Penalty to Ben Chiarot for Tripping.
9:52 of 2nd period - Aleksander Barkov wins face-off versus Brock Nelson in COLUMBUS zone.
12:23 of 2nd period - Icing by Carl Gunnarsson.
12:24 of 2nd period - Cody Glass wins face-off versus Luke Kunin in COLUMBUS zone.
12:44 of 2nd period - Icing by Ryan Murray.
12:45 of 2nd period - Lars Eller wins face-off versus Kyle Turris in COLUMBUS zone.
12:45 of 2nd period - Lars Eller is hit by Josh Anderson.
13:07 of 2nd period - Shot by Daniel Sprong.
13:07 of 2nd period - Stopped by David Rittich without a rebound.
13:08 of 2nd period - Aleksander Barkov wins face-off versus Alexander Kerfoot in COLUMBUS zone.
13:08 of 2nd period - Aleksander Barkov is hit by Jayce Hawryluk.
13:13 of 2nd period - Ben Chiarot is hit by Brent Seabrook and loses puck.
13:23 of 2nd period - Off-side.
13:24 of 2nd period - Brock Nelson wins face-off versus Lars Eller in neutral zone.
14:14 of 2nd period - John Carlson is hit by Josh Anderson and loses puck.
14:53 of 2nd period - Icing by Nikita Zadorov.
14:54 of 2nd period - Aleksander Barkov wins face-off versus Josh Anderson in VEGAS zone.
14:54 of 2nd period - Jacob Trouba is hit by Nikita Zadorov and loses puck.
15:11 of 2nd period - Icing by Brent Seabrook.
15:12 of 2nd period - Derek Grant wins face-off versus Kyle Turris in VEGAS zone.
15:14 of 2nd period - Cam Atkinson is hit by Brent Seabrook and loses puck.
15:27 of 2nd period - Icing by Brent Seabrook.
15:28 of 2nd period - Kyle Turris wins face-off versus Aleksander Barkov in VEGAS zone.
15:28 of 2nd period - Minor Penalty to Anthony Beauvillier for Hooking.
15:29 of 2nd period - Aleksander Barkov wins face-off versus Brock Nelson in COLUMBUS zone.
15:29 of 2nd period - Aleksander Barkov is hit by Oliver Bjorkstrand.
15:41 of 2nd period - Shot by Nick Holden.
15:41 of 2nd period - Shot Misses the Net.
15:43 of 2nd period - Shot by Sam Reinhart.
15:43 of 2nd period - Shot Blocked by Steven Stamkos.
16:36 of 2nd period - Off-side.
16:37 of 2nd period - Kyle Turris wins face-off versus Aleksander Barkov in neutral zone.
16:45 of 2nd period - Icing by Nikita Zadorov.
16:46 of 2nd period - Aleksander Barkov wins face-off versus Kyle Turris in VEGAS zone.
16:56 of 2nd period - Icing by Brent Seabrook.
16:57 of 2nd period - Kyle Turris wins face-off versus Aleksander Barkov in VEGAS zone.
17:06 of 2nd period - Shot by Nikita Zadorov.
17:06 of 2nd period - Shot Misses the Net.
17:20 of 2nd period - Shot by Nick Holden.
17:20 of 2nd period - Stopped by David Rittich without a rebound.
17:21 of 2nd period - Brock Nelson wins face-off versus Derek Grant in COLUMBUS zone.
17:29 of 2nd period - Icing by Nick Holden.
17:30 of 2nd period - Derek Grant wins face-off versus Alexander Kerfoot in VEGAS zone.
17:42 of 2nd period - Cam Atkinson is hit by Stephen Johns and loses puck.
17:53 of 2nd period - Shot by Jayce Hawryluk.
17:53 of 2nd period - Shot Misses the Net.
17:55 of 2nd period - Shot by Jayce Hawryluk.
17:55 of 2nd period - Stopped by David Rittich with a rebound.
18:25 of 2nd period - Shot by Brock Nelson.
18:25 of 2nd period - Stopped by David Rittich with a rebound.
18:27 of 2nd period - Shot by Oliver Bjorkstrand.
18:27 of 2nd period - Stopped by David Rittich without a rebound.
18:28 of 2nd period - Kyle Turris wins face-off versus Aleksander Barkov in COLUMBUS zone.
18:35 of 2nd period - Shot by Josh Anderson.
18:35 of 2nd period - Stopped by David Rittich without a rebound.
18:36 of 2nd period - Aleksander Barkov wins face-off versus Brock Nelson in COLUMBUS zone.
18:45 of 2nd period - Icing by Nikita Zadorov.
18:46 of 2nd period - Brock Nelson wins face-off versus Lars Eller in VEGAS zone.
19:05 of 2nd period - Shot by Sam Reinhart.
19:05 of 2nd period - Stopped by David Rittich with a rebound.
19:45 of 2nd period - Mattias Ekholm is hit by Daniel Sprong.
Goals for this period are 1 for VEGAS vs 0 for COLUMBUS.
Shots for this period are 12 for VEGAS vs 9 for COLUMBUS.

3rd period


0:01 of 3rd period - Brock Nelson wins face-off versus Aleksander Barkov in neutral zone.
0:07 of 3rd period - Icing by Aleksander Barkov.
0:08 of 3rd period - Aleksander Barkov wins face-off versus Oliver Bjorkstrand in COLUMBUS zone.
0:33 of 3rd period - Minor Penalty to Brock Nelson for High sticking.
0:34 of 3rd period - Lars Eller wins face-off versus Max Comtois in VEGAS zone.
1:07 of 3rd period - Shot by Mattias Ekholm.
1:07 of 3rd period - Shot Blocked by Nick Holden.
2:13 of 3rd period - Shot by Jacob Trouba.
2:13 of 3rd period - Shot Misses the Net.
3:15 of 3rd period - Icing by Slater Koekkoek.
3:16 of 3rd period - Luke Kunin wins face-off versus Cody Glass in VEGAS zone.
3:16 of 3rd period - Luke Kunin is hit by Slater Koekkoek.
3:36 of 3rd period - Shot by Luke Kunin.
3:36 of 3rd period - Stopped by Braden Holtby without a rebound.
3:37 of 3rd period - Kyle Turris wins face-off versus Lars Eller in VEGAS zone.
3:41 of 3rd period - Nikita Zadorov is hit by Jacob Trouba and loses puck.
3:51 of 3rd period - Josh Anderson is hit by Jacob Trouba and loses puck.
3:54 of 3rd period - Shot by Josh Anderson.
3:54 of 3rd period - Shot Misses the Net.
4:01 of 3rd period - Kyle Turris is hit by Ben Chiarot and loses puck.
4:49 of 3rd period - Shot by Oliver Bjorkstrand.
4:49 of 3rd period - Stopped by David Rittich without a rebound.
4:50 of 3rd period - Cam Atkinson wins face-off versus Alexander Kerfoot in COLUMBUS zone.
5:25 of 3rd period - Shot by Max Comtois.
5:25 of 3rd period - Shot Misses the Net.
5:27 of 3rd period - Shot by Stephen Johns.
5:27 of 3rd period - Shot Blocked by Ryan Murray.
6:05 of 3rd period - Minor Penalty to Matt Luff for Hooking.
6:06 of 3rd period - Brock Nelson wins face-off versus Lars Eller in VEGAS zone.
6:15 of 3rd period - Shot by Lars Eller.
6:15 of 3rd period - Shot Blocked by Nikita Zadorov.
6:22 of 3rd period - Icing by Jacob Trouba.
6:23 of 3rd period - Lars Eller wins face-off versus Brock Nelson in COLUMBUS zone.
6:48 of 3rd period - T.J. Oshie is hit by Nikita Zadorov and loses puck.
7:13 of 3rd period - Shot by John Carlson.
7:13 of 3rd period - Deflect By Anthony Beauvillier.
7:13 of 3rd period - Stopped by Braden Holtby with a rebound.
7:41 of 3rd period - Shot by Mattias Ekholm.
7:41 of 3rd period - Shot Misses the Net.
7:43 of 3rd period - Shot by Anthony Beauvillier.
7:43 of 3rd period - Shot Hit the Post.
7:45 of 3rd period - Shot by Mattias Ekholm.
7:45 of 3rd period - Shot Misses the Net.
8:19 of 3rd period - Cody Glass is hit by Sean Kuraly and loses puck.
8:32 of 3rd period - Shot by Matt Luff.
8:32 of 3rd period - Deflect By Cody Glass.
8:32 of 3rd period - Stopped by David Rittich without a rebound.
8:33 of 3rd period - Alexander Kerfoot wins face-off versus Luke Kunin in COLUMBUS zone.
8:34 of 3rd period - Shot by Max Comtois.
8:34 of 3rd period - Stopped by David Rittich without a rebound.
8:35 of 3rd period - Kyle Turris wins face-off versus Luke Kunin in COLUMBUS zone.
8:40 of 3rd period - Shot by Josh Anderson.
8:40 of 3rd period - Shot Blocked by Luke Kunin.
8:44 of 3rd period - Shot by Daniel Sprong.
8:44 of 3rd period - Stopped by David Rittich without a rebound.
8:45 of 3rd period - Brock Nelson wins face-off versus Aleksander Barkov in COLUMBUS zone.
8:45 of 3rd period - Stephen Johns is hit by Ben Chiarot and loses puck.
9:50 of 3rd period - Off-side.
9:51 of 3rd period - Kyle Turris wins face-off versus Derek Grant in neutral zone.
9:51 of 3rd period - Kyle Turris is hit by Derek Grant.
9:58 of 3rd period - Icing by Ryan Murray.
9:59 of 3rd period - Derek Grant wins face-off versus Kyle Turris in COLUMBUS zone.
11:05 of 3rd period - Icing by Mattias Ekholm.
11:06 of 3rd period - Alexander Kerfoot wins face-off versus Aleksander Barkov in COLUMBUS zone.
11:13 of 3rd period - Shot by Aleksander Barkov.
11:13 of 3rd period - Shot Blocked by Nick Holden.
11:15 of 3rd period - Shot by Mattias Ekholm.
11:15 of 3rd period - Goal by Mattias Ekholm - VEGAS : 2 - COLUMBUS : 2.
11:16 of 3rd period - Brock Nelson wins face-off versus Lars Eller in neutral zone.
11:22 of 3rd period - Icing by Jacob Trouba.
11:23 of 3rd period - Lars Eller wins face-off versus Brock Nelson in COLUMBUS zone.
11:28 of 3rd period - Nick Holden is hit by Lars Eller and loses puck.
12:38 of 3rd period - Shot by Max Comtois.
12:38 of 3rd period - Stopped by David Rittich without a rebound.
12:39 of 3rd period - Kyle Turris wins face-off versus Derek Grant in COLUMBUS zone.
12:50 of 3rd period - Shot by Josh Anderson.
12:50 of 3rd period - Stopped by David Rittich without a rebound.
12:51 of 3rd period - Luke Kunin wins face-off versus Alexander Kerfoot in COLUMBUS zone.
12:53 of 3rd period - Carl Gunnarsson is hit by Max Comtois and loses puck.
13:46 of 3rd period - Shot by Josh Anderson.
13:46 of 3rd period - Stopped by David Rittich without a rebound.
13:47 of 3rd period - Sam Reinhart wins face-off versus Aleksander Barkov in COLUMBUS zone.
13:58 of 3rd period - Jacob Trouba is hit by Sam Reinhart and loses puck.
14:12 of 3rd period - Steven Stamkos is hit by Nick Holden and loses puck.
14:18 of 3rd period - Minor Penalty to Brock Nelson for Tripping.
14:19 of 3rd period - Lars Eller wins face-off versus Max Comtois in VEGAS zone.
14:19 of 3rd period - Lars Eller is hit by Nikita Zadorov.
14:37 of 3rd period - Shot by Mattias Ekholm.
14:37 of 3rd period - Goal by Mattias Ekholm - VEGAS : 2 - COLUMBUS : 3.
14:38 of 3rd period - Derek Grant wins face-off versus Kyle Turris in neutral zone.
16:46 of 3rd period - Shot by Lars Eller.
16:46 of 3rd period - Deflect By Jonathan Drouin.
16:46 of 3rd period - Stopped by Braden Holtby without a rebound.
16:47 of 3rd period - Luke Kunin wins face-off versus Matt Luff in VEGAS zone.
16:47 of 3rd period - Luke Kunin is hit by Nick Holden.
17:05 of 3rd period - Shot by Jack Roslovic.
17:05 of 3rd period - Stopped by Braden Holtby with a rebound.
17:07 of 3rd period - Shot by Luke Kunin.
17:07 of 3rd period - Shot Misses the Net.
18:07 of 3rd period - Minor Penalty to Nikita Zadorov for Holding.
18:08 of 3rd period - Aleksander Barkov wins face-off versus Brock Nelson in VEGAS zone.
18:43 of 3rd period - Shot by Aleksander Barkov.
18:43 of 3rd period - Shot Blocked by Sam Reinhart.
18:45 of 3rd period - Shot by Jacob Trouba.
18:45 of 3rd period - Shot Misses the Net.
18:59 of 3rd period - Shot by John Carlson.
18:59 of 3rd period - Stopped by Braden Holtby without a rebound.
19:00 of 3rd period - Lars Eller wins face-off versus Oliver Bjorkstrand in VEGAS zone.
19:08 of 3rd period - Lars Eller is hit by Stephen Johns and loses puck.
19:19 of 3rd period - Shot by John Carlson.
19:19 of 3rd period - Stopped by Braden Holtby with a rebound.
Goals for this period are 0 for VEGAS vs 2 for COLUMBUS.
Shots for this period are 7 for VEGAS vs 8 for COLUMBUS.